 Dungeon Crawl Stone Soup version 0.22-a0-480-g991dd4b (webtiles) character file.

149 Tallim the Charmwright (level 5, -1/38 HPs)
             Began as a Merfolk Skald on June 15, 2018.
             Succumbed to Judge's ghost's poison
             ... on level 3 of the Dungeon.
             The game lasted 00:12:42 (3515 turns).

Tallim the Charmwright (Merfolk Skald)              Turns: 3515, Time: 00:12:43

Health: -1/38      AC:  4    Str: 11    XL:     5   Next: 31%
Magic:  5/8        EV: 12    Int: 14    God:
Gold:   216        SH:  0    Dex: 13    Spells: 2/8 levels left

rFire    . . .     SeeInvis .   a - +0 spear
rCold    . . .     Gourm    .   (no shield)
rNeg     . . .     Faith    .   b - +1 leather armour
rPois    .         Spirit   .   (no helmet)
rElec    .         Reflect  .   (no cloak)
rCorr    .         Harm     .   (no gloves)
MR       .....                  (no boots)
Stlth    +.........             (no amulet)
HPRegen  0.12/turn              (no ring)
MPRegen  0.11/turn              (no ring)

@: lethally poisoned (-1 -> -15), infused
A: change form in water, swift swim, stealthy swim
a: no special abilities


You were on level 3 of the Dungeon.
You were not hungry.

You visited 1 branch of the dungeon, and saw 3 of its levels.

You collected 216 gold pieces.

Inventory:

Hand Weapons
 a - a +0 spear (weapon)
Missiles
 f - 7 javelins (quivered)
Armour
 b - a +1 leather armour (worn)
Jewellery
 l - an uncursed amulet of rage
Scrolls
 e - a scroll of enchant weapon {unknown}
 h - a scroll of amnesia
 k - 3 scrolls of identify
 n - a scroll of remove curse {unknown}
Potions
 c - a potion of might {unknown}
 g - a potion of mutation {unknown}
 i - 2 potions of curing
 j - a potion of lignification {unknown}
 m - 2 potions of agility
 o - 3 potions of brilliance {unknown}
Comestibles
 d - 6 rations


   Skills:
 - Level 2.1 Fighting
 - Level 3.0 Polearms
 - Level 0.6 Armour
 - Level 2.6 Dodging
 - Level 2.0 Spellcasting
 - Level 4.2 Charms
 + Level 3.4 Translocations


You had 2 spell levels left.
You knew the following spells:

 Your Spells              Type           Power        Failure   Level  Hunger
a - Infusion              Chrm           ##..         5%          1    ##.....
b - Shroud of Golubria    Chrm/Tloc      ##........   10%         2    ###....
c - Spectral Weapon       Hex/Chrm       #.......     36%         3    ####...

Your spell library contained the following spells:

 Spells                   Type           Power        Failure   Level  Hunger
 Regeneration             Chrm/Necr      #.........   36%         3    ####...
 Song of Slaying          Chrm           ##......     9%          2    ###....


Dungeon Overview and Level Annotations

Branches:
Dungeon (3/15)

Altars:
Gozag

Annotations:
D:3 Judge's ghost, amateur HOFi


Message History

Judge's ghost misses you.
You hit Judge's ghost but do no damage.
Judge's ghost is lightly damaged.
Judge's ghost hits you!
* * * LOW HITPOINT WARNING * * *
You are lethally poisoned!
You feel better. Judge's ghost misses you.
Casting: Infusion (safe; 5% risk of failure)
Confirm with . or Enter, or press ? or * to list all spells.
Space distorts slightly along a thin shroud covering your body.
Your shroud bends Judge's ghost's attack away.
You closely miss Judge's ghost. Judge's ghost closely misses you.
You hit Judge's ghost but do no damage. Judge's ghost hits you!
* * * LOW HITPOINT WARNING * * *
Your shroud falls apart!
You are lethally poisoned!
Casting: Shroud of Golubria (safe; 10% risk of failure)
Confirm with . or Enter, or press ? or * to list all spells.
You begin infusing your attacks with magical energy.
You die...

###### #....#
###### #@##.#
#..... ##W#.#
##.....
#†#.#######......
#≈#..............
#≈#).............
#w#.#######.#####
#≈#<# #.# #.#.#
#.# #≈#.#######.#


You could see a worm and Judge's ghost.

Vanquished Creatures
  A river rat (D:3)
  3 adders (D:2)
  5 worms
  3 dart slugs
  3 leopard geckos
  2 orcs (D:3)
  2 ball pythons
  6 bats
  5 giant cockroaches
  6 goblins
  6 hobgoblins
  9 jackals
  5 quokkas
  7 frilled lizards
  13 kobolds
  7 rats
83 creatures vanquished.

Notes
Turn   | Place    | Note
-------+----------+-------------------------------------------
     0 | D:1      | Tallim the Merfolk Skald began the quest for the Orb.
     0 | D:1      | Reached XP level 1. HP: 16/16 MP: 3/3
    71 | D:1      | Reached XP level 2. HP: 21/22 MP: 5/5
    75 | D:1      | Learned a level 2 spell: Shroud of Golubria
    90 | D:1      | Reached skill level 4 in Charms
   450 | D:1      | Reached skill level 1 in Translocations
   450 | D:1      | Reached XP level 3. HP: 25/27 MP: 6/6
  1495 | D:2      | Reached XP level 4. HP: 19/33 MP: 1/7
  1819 | D:2      | Found an opulent altar of Gozag.
  2269 | D:2      | Learned a level 3 spell: Spectral Weapon
  2825 | D:3      | Reached XP level 5. HP: 33/38 MP: 3/8
  3486 | D:3      | Noticed Judge's ghost (amateur HOFi)
  3514 | D:3      | HP: 1/38 [Judge's ghost (10)]
  3515 | D:3      | Succumbed to Judge's ghost's poison

Vault maps used:
D:1:      erik_arrival_triangle_small, feat_on_display
D:2:      minmay_misc_feat_ornament, serial_bayou_pond_a,
          nicolae_gozag_cash_rules_everything_around_me
D:3:      gup_sewer_entry_spiral

Skill      XL: |  1  2  3  4 |
---------------+-------------+-----
Charms         | 4 |  4.2
Translocations | 1 2 3 |  3.4
Fighting       | |  2.1
Polearms       | |  3.0
Armour         | |  0.6
Dodging        | |  2.6
Spellcasting   | |  2.0

Action                   |  1- 3 |  4- 6 || total
-------------------------+-------+-------++-------
Melee: Spear             |   158 |   210 ||   368
       Tailslap          |       |     3 ||     3
Throw: Javelin           |     5 |       ||     5
 Cast: Infusion          |     3 |     9 ||    12
       Shroud of Golubri |     2 |     4 ||     6
       Spectral Weapon   |       |     2 ||     2
  Use: Scroll            |       |     6 ||     6
       Potion            |       |     1 ||     1
  Eat: Ration            |     1 |     1 ||     2
       Chunk             |     1 |     2 ||     3
Armor: Leather armour    |    33 |    32 ||    65
Dodge: Dodged            |    70 |    93 ||   163

Table legend:
 A = Spawn XP
 B = Non-spawn XP
 C = Spawn XP percentage of total XP
 D = Spawn monster count
 E = Non-spawn monster count
 F = Spawn count percentage of total count
 G = Total turns spent on level
                    A         B        C        D         E        F      G
               +---------+---------+-------+---------+---------+-------+---------
         Total |       0 |     214 |   0.0 |       0 |      83 |   0.0 |  3515
               +---------+---------+-------+---------+---------+-------+---------
           D:1 |       0 |      55 |   0.0 |       0 |      28 |   0.0 |   940
           D:2 |       0 |      90 |   0.0 |       0 |      29 |   0.0 |  1666
           D:3 |       0 |      69 |   0.0 |       0 |      26 |   0.0 |   909
               +---------+---------+-------+---------+---------+-------+---------
